 Dungeon Crawl Stone Soup version 0.29.0-4-gdea44cf6ec (webtiles) character file.

Game seed: 6082104340631950714

44 qw the Caller (level 3, 0/29 HPs)
             Began as a Ghoul Summoner on Sept 9, 2022.
             Slain by an adder (1 damage)
             ... on level 2 of the Dungeon.
             The game lasted 00:00:52 (1899 turns).

qw the Caller (Ghoul Summoner)                      Turns: 1899, Time: 00:00:52

Health: 0/29       AC:  6    Str: 13    XL:     3   Next: 62%
Magic:  0/4        EV: 10    Int: 10    God:
Gold:   90         SH:  0    Dex:  9    Spells: 4/5 levels left

rFire   . . .      SeeInvis .   Y - +0 short sword
rCold   + . .      Faith    .   (no shield)
rNeg    + + +      Spirit   .   h - +0 ring mail
rPois   inf        Reflect  .   f - +0 helmet
rElec   .          Harm     .   (no cloak)
rCorr   .          Rampage  .   (no gloves)
Will    .....                   (no boots)
Stlth   +.........              (no amulet)
HPRegen 0.00/turn               (no ring)
MPRegen 0.09/turn               (no ring)

@: inhibited regen
A: claws 1, cold resistance 1, negative energy resistance 3, inhibited
regeneration, torment resistance 2, devour on kill
a: no special abilities


You were on level 2 of the Dungeon.
You visited 1 branch of the dungeon, and saw 2 of its levels.

You collected 90 gold pieces.


Innate Abilities, Weirdness & Mutations

You are immune to poison.
You have sharp fingernails.
Your flesh is cold resistant. (rC+)
You are immune to negative energy. (rN+++)
You do not regenerate when monsters are visible.
You are immune to unholy pain and torment.
You thrive by killing the living.


   Skills:
 - Level 2.0 Fighting
 + Level 2.1 Axes
 - Level 1.7 Dodging
 - Level 2.1 Stealth
 - Level 1.7 Spellcasting
 - Level 3.6 Summonings


You had 4 spell levels left.
You knew the following spells:

 Your Spells              Type           Power      Damage    Failure   Level
a - Summon Small Mammal   Summ           32%        N/A       16%         1

Your spell library contained the following spells:

 Spells                   Type           Power      Damage    Failure   Level
 Call Imp                 Summ           8%         N/A       24%         2
 Call Canine Familiar     Summ           8%         N/A       43%         3
 Summon Guardian Golem    Hex/Summ       4%         N/A       71%         3
 Summon Lightning Spire   Summ/Air       4%         N/A       98%         4

Inventory:

Hand Weapons
 Y - a +0 short sword (weapon)
Armour
 f - a +0 helmet (worn)
 h - a +0 ring mail (worn)
Jewellery
 a - the ring of Geitan {rC+ Str+6 Stlth+}
   (You found it on level 2 of the Dungeon)

   [ring of strength]

   Str:       It affects your strength (+6).
   rC:        It protects you from cold.
   Stlth:     It makes you more stealthy.
Potions
 b - a potion of cancellation {unknown}
 e - a potion of might {unknown}
 j - a potion of curing {unknown}

Dungeon Overview and Level Annotations

Branches:
Dungeon (2/15)

Altars:


Message History

Casting: Summon Small Mammal (safe; 16% risk of failure)
Confirm with . or Enter, or press ? or * to list all spells.
Your bat disappears in a puff of smoke!
The adder closely misses you.
You barely miss the adder.
The adder is lightly wounded.
The adder bites you. The adder bites you but does no damage.
You hit the adder.
The adder is moderately wounded.
The adder misses you.
You hit the adder.
The adder is heavily wounded.
The adder misses you.
You miss the adder.
The adder is heavily wounded.
The adder bites you. The adder closely misses you.
You hit the adder.
The adder is severely wounded.
The adder bites you but does no damage.
You barely miss the adder.
The adder is severely wounded.
The adder barely misses you. x2
You miss the adder.
The adder is severely wounded.
The adder bites you.
You hit the adder but do no damage.
The adder is severely wounded.
The adder barely misses you. The adder bites you but does no damage.
You hit the adder.
The adder is almost dead.
The adder bites you but does no damage.
1898 ||| CASTING Summon Small Mammal
Casting: Summon Small Mammal (safe; 16% risk of failure)
Confirm with . or Enter, or press ? or * to list all spells.
Your bat disappears in a puff of smoke!
The adder bites you.
You barely miss the adder.
The adder is almost dead.
The adder barely misses you. The adder bites you.
You die...

#. #..'....#
#.#######
#.##...##
.......#
#.##...# #.....#
#.##...#
#.....###'######
#..........#
#¤.¤r......#
#r........#
#@######+## #S.#
.#.# #. .# #. .#
#! .. .. .. #.
+#.


You could see an adder (ally target) and 2 friendly rats.

Vanquished Creatures
  3 ball pythons
  A bat (D:1)
  2 endoplasms (D:1)
  2 goblins (D:1)
  3 hobgoblins (D:1)
  A jackal (D:2)
  2 quokkas (D:1)
  A kobold (D:1)
15 creatures vanquished.

Vanquished Creatures (collateral kills)
  An adder (D:1)
  A dart slug (D:2)
  An endoplasm (D:1)
  A goblin (D:1)
  2 hobgoblins (D:1)
  A jackal (D:2)
  A ball python (D:1)
  2 bats (D:1)
  3 frilled lizards (D:1)
  A kobold (D:1)
  A rat (D:1)
15 creatures vanquished.

Grand Total: 30 creatures vanquished

Notes
Turn   | Place    | Note
-------+----------+-------------------------------------------
     0 | D:1      | qw the Ghoul Summoner began the quest for the Orb.
     0 | D:1      | Reached XP level 1. HP: 14/14 MP: 2/2
     0 | D:1      | 0 ||| qw: Version: 0.1-a-113-g051387a
     0 | D:1      | 0 ||| qw: Game counter: 6903
     0 | D:1      | 0 ||| qw: Always use a shield: true
     0 | D:1      | 0 ||| qw: God list: Okawaru
     0 | D:1      | 0 ||| qw: Allow faded altars: false
     0 | D:1      | 0 ||| qw: Do Orc after D:15 true
     0 | D:1      | 0 ||| qw: Do second Lair branch before Depths: true
     0 | D:1      | 0 ||| qw: Lair rune preference: random
     0 | D:1      | 0 ||| qw: Plans: Normal
     0 | D:1      | 0 ||| PLANNING D:1-11
    11 | D:1      | 11 ||| CASTING Summon Small Mammal
    13 | D:1      | 13 ||| CASTING Summon Small Mammal
    39 | D:1      | 39 ||| Wielding weapon +0 dagger.
    69 | D:1      | 69 ||| CASTING Summon Small Mammal
    70 | D:1      | 70 ||| CASTING Summon Small Mammal
   111 | D:1      | Found a faded altar of an unknown god.
   122 | D:1      | 122 ||| CASTING Summon Small Mammal
   123 | D:1      | 123 ||| CASTING Summon Small Mammal
   170 | D:1      | 170 ||| CASTING Summon Small Mammal
   171 | D:1      | 171 ||| CASTING Summon Small Mammal
   183 | D:1      | 183 ||| CASTING Summon Small Mammal
   187 | D:1      | Reached skill level 1 in Axes
   219 | D:1      | 219 ||| CASTING Summon Small Mammal
   220 | D:1      | 220 ||| CASTING Summon Small Mammal
   291 | D:1      | 291 ||| CASTING Summon Small Mammal
   292 | D:1      | 292 ||| CASTING Summon Small Mammal
   299 | D:1      | Reached XP level 2. HP: 22/22 MP: 0/3
   303 | D:1      | 303 ||| CASTING Summon Small Mammal
   305 | D:1      | Reached skill level 1 in Fighting
   327 | D:1      | 327 ||| CASTING Summon Small Mammal
   328 | D:1      | 328 ||| CASTING Summon Small Mammal
   392 | D:1      | 392 ||| CASTING Summon Small Mammal
   393 | D:1      | 393 ||| CASTING Summon Small Mammal
   394 | D:1      | 394 ||| CASTING Summon Small Mammal
   420 | D:1      | 420 ||| CASTING Summon Small Mammal
   421 | D:1      | 421 ||| CASTING Summon Small Mammal
   429 | D:1      | 429 ||| CASTING Summon Small Mammal
   493 | D:1      | 493 ||| CASTING Summon Small Mammal
   494 | D:1      | 494 ||| Stepping ~*~*~tactically~*~*~ (stealth).
   495 | D:1      | 495 ||| CASTING Summon Small Mammal
   496 | D:1      | 496 ||| CASTING Summon Small Mammal
   505 | D:1      | 505 ||| CASTING Summon Small Mammal
   602 | D:1      | 602 ||| CASTING Summon Small Mammal
   603 | D:1      | 603 ||| CASTING Summon Small Mammal
   604 | D:1      | 604 ||| CASTING Summon Small Mammal
   654 | D:1      | 654 ||| CASTING Summon Small Mammal
   655 | D:1      | 655 ||| Stepping ~*~*~tactically~*~*~ (stealth).
   658 | D:1      | 658 ||| CASTING Summon Small Mammal
   659 | D:1      | 659 ||| CASTING Summon Small Mammal
   667 | D:1      | 667 ||| CASTING Summon Small Mammal
   870 | D:1      | 870 ||| SWAPPING to +0 club.
   871 | D:1      | 871 ||| DROPPING +0 dagger.
   876 | D:1      | 876 ||| CASTING Summon Small Mammal
   877 | D:1      | 877 ||| CASTING Summon Small Mammal
   878 | D:1      | 878 ||| CASTING Summon Small Mammal
   953 | D:1      | 953 ||| CASTING Summon Small Mammal
   954 | D:1      | 954 ||| Stepping ~*~*~tactically~*~*~ (stealth).
   955 | D:1      | 955 ||| CASTING Summon Small Mammal
   956 | D:1      | 956 ||| CASTING Summon Small Mammal
   961 | D:1      | Reached XP level 3. HP: 24/28 MP: 0/4
  1006 | D:1      | 1006 ||| CASTING Summon Small Mammal
  1007 | D:1      | 1007 ||| CASTING Summon Small Mammal
  1008 | D:1      | 1008 ||| CASTING Summon Small Mammal
  1009 | D:1      | 1009 ||| CASTING Summon Small Mammal
  1017 | D:1      | 1017 ||| CASTING Summon Small Mammal
  1028 | D:1      | 1028 ||| CASTING Summon Small Mammal
  1074 | D:1      | 1074 ||| SWAPPING to +0 short sword.
  1075 | D:1      | 1075 ||| DROPPING +0 club.
  1083 | D:1      | 1083 ||| CASTING Summon Small Mammal
  1084 | D:1      | 1084 ||| CASTING Summon Small Mammal
  1085 | D:1      | 1085 ||| CASTING Summon Small Mammal
  1086 | D:1      | 1086 ||| CASTING Summon Small Mammal
  1139 | D:1      | 1139 ||| CASTING Summon Small Mammal
  1140 | D:1      | 1140 ||| CASTING Summon Small Mammal
  1141 | D:1      | 1141 ||| CASTING Summon Small Mammal
  1296 | D:1      | 1296 ||| CASTING Summon Small Mammal
  1297 | D:1      | 1297 ||| CASTING Summon Small Mammal
  1298 | D:1      | 1298 ||| CASTING Summon Small Mammal
  1299 | D:1      | 1299 ||| CASTING Summon Small Mammal
  1307 | D:1      | 1307 ||| CASTING Summon Small Mammal
  1462 | D:1      | 1462 ||| UPGRADING to +0 helmet.
  1467 | D:1      | 1467 ||| UPGRADING to +0 ring mail.
  1477 | D:1      | 1477 ||| DROPPING +0 robe.
  1478 | D:1      | 1478 ||| READING scroll labelled UDWULI BAOQATA.
  1481 | D:1      | 1481 ||| READING scroll labelled UGUPUH CIEKLA.
  1482 | D:1      | 1482 ||| READING scroll labelled QYSAAN LO IFRA.
  1483 | D:1      | 1483 ||| DROPPING potion of magic.
  1504 | D:2      | 1504 ||| CASTING Summon Small Mammal
  1505 | D:2      | 1505 ||| STAIRDANCE
  1516 | D:2      | 1516 ||| STAIRDANCE
  1518 | D:1      | 1518 ||| CASTING Summon Small Mammal
  1519 | D:1      | 1519 ||| CASTING Summon Small Mammal
  1520 | D:1      | 1520 ||| CASTING Summon Small Mammal
  1521 | D:1      | 1521 ||| CASTING Summon Small Mammal
  1529 | D:1      | 1529 ||| CASTING Summon Small Mammal
  1657 | D:2      | 1657 ||| CASTING Summon Small Mammal
  1658 | D:2      | 1658 ||| CASTING Summon Small Mammal
  1659 | D:2      | 1659 ||| CASTING Summon Small Mammal
  1660 | D:2      | 1660 ||| CASTING Summon Small Mammal
  1663 | D:2      | 1663 ||| STAIRDANCE
  1704 | D:2      | Identified the ring of Geitan {rC+ Str+6 Stlth+}
  1706 | D:2      | 1706 ||| Stepping ~*~*~tactically~*~*~ (hiding).
  1709 | D:2      | 1709 ||| CASTING Summon Small Mammal
  1710 | D:2      | 1710 ||| CASTING Summon Small Mammal
  1711 | D:2      | 1711 ||| CASTING Summon Small Mammal
  1712 | D:2      | 1712 ||| CASTING Summon Small Mammal
  1719 | D:2      | 1719 ||| CASTING Summon Small Mammal
  1847 | D:2      | 1847 ||| CASTING Summon Small Mammal
  1848 | D:2      | 1848 ||| CASTING Summon Small Mammal
  1849 | D:2      | 1849 ||| CASTING Summon Small Mammal
  1850 | D:2      | 1850 ||| CASTING Summon Small Mammal
  1858 | D:2      | 1858 ||| CASTING Summon Small Mammal
  1868 | D:2      | 1868 ||| CASTING Summon Small Mammal
  1878 | D:2      | 1878 ||| CASTING Summon Small Mammal
  1888 | D:2      | 1888 ||| CASTING Summon Small Mammal
  1889 | D:2      | HP: 7/29 [adder (1)]
  1895 | D:2      | HP: 3/29 [adder (2)]
  1898 | D:2      | 1898 ||| CASTING Summon Small Mammal
  1898 | D:2      | HP: 1/29 [adder (2)]
  1899 | D:2      | Slain by an adder

Levels and vault maps discovered:
D:1:      dpeg_arrival_simpleton_b, layout_rooms,
          hellmonk_ecumenical_altar_leap_of_faith
D:2:      layout_basic

Skill      XL: |  1  2  3 |
---------------+----------+-----
Axes           | 1 2 |  2.1
Fighting       | 1 2 |  2.0
Dodging        | |  1.7
Stealth        | |  2.1
Spellcasting   | |  1.7
Summonings     | |  3.6

Action                   || total
-------------------------++-------
Melee: Dagger            ||    49
       Unarmed           ||     3
       Club              ||    12
       Short sword       ||    60
 Cast: Summon Small Mamm ||    70
  Use: Scroll            ||     3
 Stab: Distracted        ||     1
Armor: Robe              ||    15
       Ring mail         ||    35
Dodge: Dodged            ||    85

Table legend:
 A = Non-vault XP
 B = Vault XP
 C = Vault XP percentage of total XP
 D = Non-vault monster count
 E = Vault monster count
 F = Vault count percentage of total count
                 A         B        C        D         E       F
            +---------+---------+-------+---------+---------+-------
      Total |      64 |       0 |   0.0 |      30 |       0 |   0.0
            +---------+---------+-------+---------+---------+-------
        D:1 |      54 |       0 |   0.0 |      26 |       0 |   0.0
        D:2 |      10 |       0 |   0.0 |       4 |       0 |   0.0
            +---------+---------+-------+---------+---------+-------
